 Dungeon Crawl Stone Soup version 0.29-a0-270-g1586fc07ea (webtiles) character file.

Game seed: 14507636090646263302

59 testman the Grave Robber (level 3, -2/24 HPs)
             Began as a Demonspawn Necromancer on Mar 7, 2022.
             Slain by an iguana (8 damage)
             ... on level 4 of the Dungeon.
             The game lasted 00:08:45 (1785 turns).

testman the Grave Robber (Demonspawn Necromancer)   Turns: 1785, Time: 00:08:46

Health: -2/24      AC:  3    Str:  8    XL:     3   Next: 78%
Magic:  1/7        EV: 12    Int: 18    God:
Gold:   48         SH:  0    Dex: 13    Spells: 4/8 levels left

rFire   . . .      SeeInvis .   c - +0 short sword
rCold   . . .      Faith    .   (no shield)
rNeg    . . .      Spirit   .   a - +0 robe
rPois   .          Reflect  .   (no helmet)
rElec   .          Harm     .   (no cloak)
rCorr   .          Rampage  .   (no gloves)
Will    .....                   l - +0 pair of boots
Stlth   ++........              (no amulet)
HPRegen 0.08/turn               (no ring)
MPRegen 0.10/turn               (no ring)

@: very slightly contaminated
A: demonic magic 1
a: no special abilities


You were on level 4 of the Dungeon.
You visited 1 branch of the dungeon, and saw 3 of its levels.

You collected 48 gold pieces.

Inventory:

Hand Weapons
 c - a +0 short sword (weapon)
Missiles
 d - 38 stones
 f - 10 poisoned darts
Armour
 a - a +0 robe (worn)
 l - a +0 pair of boots (worn)
Scrolls
 e - a scroll of identify
 i - 2 scrolls of fear
 j - a scroll of noise {unknown}
Potions
 b - a potion of magic
 g - a potion of might {unknown}
 h - 2 potions of ambrosia {unknown}
 k - a potion of curing {unknown}


   Skills:
 - Level 1.7 Dodging
 - Level 1.7 Stealth
 + Level 3.1 Spellcasting
 + Level 5.2 Necromancy


You had 4 spell levels left.
You knew the following spells:

 Your Spells              Type           Power      Damage    Failure   Level
a - Pain                  Necr           84%        1d8       1%          1
b - Vampiric Draining     Necr           21%        2d7       5%          3

Your spell library contained the following spells:

 Spells                   Type           Power      Damage    Failure   Level
 Animate Skeleton         Necr           42%        N/A       1%          1
 Animate Dead             Necr           10%        N/A       19%         4
 Agony                    Necr           21%        N/A       45%         5


Dungeon Overview and Level Annotations

Branches:
Dungeon (2/15)

Altars:

Annotations:
D:4 1 runed translucent door, spaghetti's ghost, amateur DgNe


Innate Abilities, Weirdness & Mutations

Spells you cast may paralyse adjacent enemies.


Message History

The endoplasm is moderately wounded.
The endoplasm barely misses you.
You hit the endoplasm.
You kill the endoplasm!
Aiming: Pain (safe; 1% risk of failure)
Press: ? - help, Q - select action, (/) - cycle Shift-Dir - straight line, f - iguana
Aim: an iguana (chance to affect: 85%)
The iguana writhes in agony.
Malevolent energies surge around you.
Unknown command.
You barely miss the iguana.
The iguana is lightly wounded.
The iguana completely misses you.
You hit the iguana but do no damage.
The iguana is lightly wounded.
The iguana bites you!
Ouch! That really hurt!
You hit the iguana but do no damage.
The iguana is lightly wounded.
The iguana bites you.
* * * LOW HITPOINT WARNING * * *
Casting: Pain (safe; 1% risk of failure)
Confirm with . or Enter, or press ? or * to list all spells.
You don't know that spell.
Casting: Pain (safe; 1% risk of failure)
Confirm with . or Enter, or press ? or * to list all spells.
The spell is quite dangerous to miscast (5% risk of failure)!
Continue anyway?
Aiming: Vampiric Draining (quite dangerous; 5% risk of failure)
Press: ? - help, Shift-Dir - straight line, f/p - iguana
Aim: an iguana (lightly wounded)
You miscast Vampiric Draining.
You are very lightly contaminated with residual magic.
Nothing appears to happen.
The iguana completely misses you.
As you read the scroll labelled OWAUGEKHLAC, it crumbles to dust.
It is a scroll of identify.
i - 3 scrolls of fear The iguana closely misses you.
As you read the scroll of fear, it crumbles to dust.
You assume a fearsome visage.
The iguana resists with some effort.
The iguana bites you!
You die...

g.. ###....... .....##
......... .......
........# .....#
).......# .....#
#........ .....#
#........ .....#
###.......# .....###
#####.l.......# .......
#.....@.......# †....##
#.............# .....#
###.....#.......#
.....####.......#########
................#
.....#.####.....###
....................
.....#.####.....###.
####...# #.....#


You could see an iguana.

Vanquished Creatures
  2 gnolls (D:1)
  2 dart slugs
  5 ball pythons
  5 endoplasms
  6 goblins
  A hobgoblin (D:2)
  A quokka (D:4)
  2 bats (D:1)
  2 frilled lizards
  6 kobolds
  2 rats
34 creatures vanquished.

Notes
Turn   | Place    | Note
-------+----------+-------------------------------------------
     0 | D:1      | testman the Demonspawn Necromancer began the quest for the
                  | Orb.
     0 | D:1      | Reached XP level 1. HP: 13/13 MP: 3/3
   158 | D:1      | Gained mutation: Spells you cast may paralyse adjacent
                  | enemies. [demonic ancestry]
   158 | D:1      | Reached XP level 2. HP: 13/19 MP: 0/5
   579 | D:1      | Reached skill level 5 in Necromancy
   579 | D:1      | Reached XP level 3. HP: 4/24 MP: 5/7
   595 | D:1      | Learned a level 3 spell: Vampiric Draining
  1677 | D:2      | Found a faded altar of an unknown god.
  1684 | D:2      | You fall into a shaft and drop 2 floors!
  1684 | D:4      | Noticed spaghetti's ghost (amateur DgNe)
  1684 | D:4      | Found a runed translucent door.
  1785 | D:4      | Slain by an iguana

Illustrated notes

Levels and vault maps discovered:
D:1:      ncdulo_smallfort, layout_rooms
D:2:      layout_loops_ring, ebering_ecumenical_altar_box
D:4:      layout_rooms, ebering_ghost_sewer_f

Skill      XL: |  1  2  3 |
---------------+----------+-----
Necromancy     | 5 |  5.2
Spellcasting   | 3 |  3.1
Dodging        | |  1.7
Stealth        | |  1.7

Action                   || total
-------------------------++-------
Melee: Short sword       ||    61
 Cast: Pain              ||    33
       Vampiric Draining ||     2
  Use: Scroll            ||     2
 Stab: Paralysed         ||     3
       Sleeping          ||     3
Armor: Robe              ||     9
Dodge: Dodged            ||    39

Table legend: (Time is in decaauts)
 A = Elapsed time spent in this place.
 B = Non-inter-level travel time spent in this place.
 C = Inter-level travel time spent in this place.
 D = Time resting spent in this place.
 E = Time spent auto-exploring this place.
 F = Levels seen in this place.
 G = Mean time per level.
                   A        B        C        D        E       F      G
               +--------+--------+--------+--------+--------+-----+--------+
         Total |   1790 |   1751 |     39 |    839 |    588 |   3 |  596.7 |
       Dungeon |   1790 |   1751 |     39 |    839 |    588 |   3 |  596.7 |
               +--------+--------+--------+--------+--------+-----+--------+

Top non-repeatable levels by time:
     D:1: 1311 daAuts
     D:2: 377 daAuts
     D:4: 101 daAuts
